cohdb
Replays
Latest Replays
All Replays
Popular Replays
Top Player Replays
Match Explorer
How It Works
Community
CoH3 Stats
Reddit
Sign in to upload your games and track your stats! →
Sign in with Steam
Match 47340374
Unlisted
Match 47340374
Overview
Messages
Build Orders
End
Construct Infanterie Kompanie
Selects Italian Coastal Battlegroup
Selects Coastal Reserves
Selects Coastal Reserves
Coastal Reserve
MG 42 Machine Gun Team
Coastal Reserve
Medical Bunker
Construct Luftwaffe Kompanie
GrW 34 Mortar Team
Selects Support Bunkers
MG 42 Bunker
Support Elements
Selects Designated Artillery Overwatch
Wirbelwind Flakpanzer
Marder III M Tank Destroyer
Designated Artillery Overwatch
Selects Bulwark
Jäger Squad
Designated Artillery Overwatch
Selects Artillery Officer
Artillery Officer
Designated Artillery Overwatch
Anti-tank Bunker
Selects Coastal Wall
Construct Panzer Kompanie
KoalaImpala
Tanith's Finest
ScarletT
Derek Doon
spinn72
Zerg
0
0
Comments
sign in to comment!
No comments posted yet!